AoeStats
← spike

Arena

510049558Analyzed
2v2 RM · 3d ago on Sep 29, 2026· 64m 12s· 4 players
Game mode
Random Map
Map size
Medium (4 player)
Population
200
Speed
Normal
Resources
Standard
Victory
Conquest
Starting age
Dark Age
Ending age
Imperial Age
RankedLock teamsTeams togetherTeam positionsShared explorationLock speedFull tech treeHidden civsTurbo modeCheats
Victory
Defeat
🇦🇹 Burgundians · Austria
458
+14
🇦🇹 Cumans · Austria
449
+14
🇳🇱 Franks · Netherlands
484
-17
🇲🇽 Bohemians · Mexico
339
-11
PrimeRepapuz
22:56 Feudal Age
23:23 Horse Collar
31:55 Castle Age
32:57 Heavy Plow
32:49 Double-Bit Axe
34:36 Wheelbarrow
35:54 Forging
35:50 Scale Barding Armor
35:46 Scale Mail Armor
35:46 Padded Archer Armor
35:37 Fletching
38:31 Hand Cart
40:24 Light Cavalry
41:05 Husbandry
43:38 Fortified Wall
43:24 Murder Holes
43:43 Masonry
45:31 Bow Saw
49:57 Imperial Age
48:38 Ballistics
50:07 Cavalier
50:15 Elite Hussite Wagon
sjonsjon [nl]
10:22 Feudal Age
12:05 Wheelbarrow
11:39 Double-Bit Axe
12:12 Gold Mining
14:16 Stone Mining
20:26 Castle Age
18:18 Man-at-Arms
21:11 Forging
20:47 Pikeman
21:27 Squires
22:38 Scale Mail Armor
26:09 Husbandry
26:17 Scale Barding Armor
28:38 Iron Casting
28:22 Ordonnance Companies
30:00 Caravan
36:30 Imperial Age
36:50 Chain Mail Armor
36:48 Halberdier
37:28 Cavalier
39:41 Bow Saw
41:16 Gold Shaft Mining
40:46 Paladin
42:56 Ballistics
43:10 Chivalry
43:53 Hoardings
47:44 Blast Furnace
49:23 Chain Barding Armor
50:10 Chemistry
48:52 Treadmill Crane
50:45 Sanctity
54:15 Elite Skirmisher
56:54 Fletching
57:05 Padded Archer Armor
57:41 Plate Barding Armor
58:53 Light Cavalry
60:07 Gambesons
59:43 Long Swordsman
63:28 Cranequins
spike
12:05 Feudal Age
14:23 Wheelbarrow
15:43 Double-Bit Axe
16:51 Loom
16:57 Town Watch
16:43 Man-at-Arms
17:39 Forging
17:30 Scale Mail Armor
17:36 Scale Barding Armor
17:33 Padded Archer Armor
18:24 Gold Mining
25:13 Castle Age
26:05 Capped Ram
27:31 Iron Casting
27:16 Chain Mail Armor
26:56 Fletching
32:34 Bow Saw
32:46 Hand Cart
35:28 Chain Barding Armor
35:04 Bodkin Arrow
37:45 Ballistics
41:50 Imperial Age
42:45 Steppe Husbandry
42:48 Cuman Mercenaries
42:43 Cavalier
42:55 Siege Ram
43:59 Bloodlines
44:39 Leather Archer Armor
44:55 Plate Mail Armor
45:00 Plate Barding Armor
48:10 Heavy Cavalry Archer
49:16 Parthian Tactics
49:01 Thumb Ring
48:16 Crossbowman
48:42 Sappers
49:32 Pikeman
50:13 Squires
50:23 Onager
55:54 Paladin
59:03 Two-Man Saw
58:43 Gold Shaft Mining
57:59 Stone Mining
59:47 Conscription
60:13 Caravan
60:09 Elite Kipchak
flisk
3:13 Double-Bit Axe
5:22 Loom
7:36 Wheelbarrow
8:14 Horse Collar
13:17 Stone Mining
13:19 Gold Mining
18:06 Feudal Age
19:44 Hand Cart
23:16 Castle Age
22:39 Bow Saw
22:32 Heavy Plow
24:05 Cavalier
24:48 Husbandry
25:48 Scale Barding Armor
26:36 Light Cavalry
27:41 Chain Barding Armor
41:20 Imperial Age
39:19 Caravan
40:04 Crop Rotation
41:01 Gold Mining
41:27 Burgundian Vineyards
44:11 Chemistry
43:52 Paladin
48:19 Hoardings
47:50 Town Watch
48:47 Plate Barding Armor
48:13 Padded Archer Armor
48:27 Masonry
Connection lost

Rejoining the realm…

Still unreachable

The connection could not be restored.

Session expired

The server has moved on; the page needs a fresh start.